[Event "November 21 Late 2023"]
[Site "https://www.chess.com"]
[Date "2023.11.21"]
[Round "1"]
[White "Rodriguez Dominguez, Melissa"]
[Black "Liang, Justin"]
[Result "0-1"]
[Board "142"]
[TimeControl "180+1"]
[WhiteFideId "3517560"]
[BlackFideId "2099942"]
[WhiteElo "2012"]
[BlackElo "2563"]
[WhiteTeam "CUB"]
[BlackTeam "USA"]
[WhiteClock "0:00:00"]
[BlackClock "0:00:09"]

1. e4 c5 2. Nf3 e6 3. d4 cxd4 4. Nxd4 Nc6 5. Nb5 d6 6. c4 Nf6 7. N1c3 Be7 8. Be2 b6 9. O-O Bb7 10. f3 O-O 11. Be3 a6 12. Na3 Rc8 13. Qd2 Nd7 14. Rfd1 Qc7 15. Rac1 Qb8 16. Nc2 Rfe8 17. b4 Nce5 18. Na3 h5 19. Kh1 h4 20. f4 Ng6 21. Bf3 Qa8 22. Qf2 Bd8 23. Ne2 Bc7 24. Nc3 Nf6 25. e5 dxe5 26. fxe5 Bxf3 27. Qxf3 Qxf3 28. gxf3 Nxe5 29. f4 Neg4 30. Bg1 h3 31. Ne2 Ne4 32. Rf1 Red8 33. Ng3 Nd2 34. Rfd1 Nf3 35. Rf1 Nxg1 36. Kxg1 Rd2 37. c5 Rg2+ 38. Kh1 Rxh2+ 39. Kg1 Rg2+ 40. Kh1 bxc5 41. Rxc5 Rh2+ 42. Kg1 Bb6 43. Nc4 Bxc5+ 44. bxc5 Rg2+ 45. Kh1 Rxg3 46. Nd6 Rc6 47. f5 exf5 48. Nxf5 Ne3 0-1

[Event "November 21 Late 2023"]
[Site "https://www.chess.com"]
[Date "2023.11.21"]
[Round "1"]
[White "WindWhistler11"]
[Black "Quirke, Jeffrey"]
[Result "1-0"]
[Board "143"]
[TimeControl "180+1"]
[BlackFideId "2013029"]
[WhiteElo "2563"]
[BlackElo "2229"]
[BlackTeam "USA"]
[WhiteClock "0:00:35"]
[BlackClock "0:00:00"]

1. Nf3 Nf6 2. g3 g6 3. Bg2 Bg7 4. O-O O-O 5. d4 d5 6. b3 c5 7. Bb2 cxd4 8. Nxd4 Nc6 9. Nxc6 bxc6 10. c4 Be6 11. Nd2 a5 12. Qc1 a4 13. b4 a3 14. Bxa3 Ne4 15. Bb2 Bxb2 16. Qxb2 Nxd2 17. Qxd2 Qb6 18. c5 Qb5 19. Rfb1 Ra3 20. Bf1 Rfa8 21. e3 Qa4 22. Rb2 d4 23. Qxd4 Bxa2 24. b5 cxb5 25. Bxb5 Qxd4 26. exd4 Bd5 27. Rxa3 Rxa3 28. f4 Rc3 29. Kf2 f5 30. Be2 Kf7 31. Rd2 h6 32. Rd3 Rc2 33. Ke3 Kf6 34. h3 e6 35. Bf3 g5 36. Bxd5 exd5 37. Kf3 h5 38. fxg5+ Kxg5 39. h4+ Kf6 40. Ra3 Rd2 41. Ke3 Rg2 42. Ra6+ Kf7 43. Kf3 Rd2 44. Ra7+ Kf6 45. Ra4 1-0

[Event "November 21 Late 2023"]
[Site "https://www.chess.com"]
[Date "2023.11.21"]
[Round "1"]
[White "campochess"]
[Black "Sivakumar, Shaaketh"]
[Result "1-0"]
[Board "144"]
[TimeControl "180+1"]
[BlackFideId "30940176"]
[WhiteElo "2228"]
[BlackElo "2292"]
[BlackTeam "USA"]
[WhiteClock "0:01:19"]
[BlackClock "0:02:07"]

1. c4 Nf6 2. Nc3 g6 3. g3 Bg7 4. Bg2 O-O 5. e3 e5 6. Nge2 c6 7. d4 exd4 8. Nxd4 d6 9. O-O a5 10. b3 Na6 11. Bb2 Re8 12. Nde2 Bf5 13. Qd2 Qd7 14. Rfd1 Rad8 15. Nf4 Nc5 16. Ba3 Nfe4 17. Nxe4 Nxe4 18. Bxe4 Bxe4 19. Rac1 g5 20. Ne2 Qh3 21. f3 Bxf3 22. Nd4 Bxd4 23. exd4 Re2 24. Qxg5+ Kf8 25. Qxd8+ Re8 26. Bxd6+ Kg7 27. Qg5+ Kh8 28. Qf6+ Kg8 29. Qxf3 Qe6 30. Be5 c5 31. Qf4 cxd4 32. Qg5+ Kf8 33. Bxd4 Qe4 34. Bc5+ Re7 35. Qxe7+ Qxe7 36. Bxe7+ Kxe7 1-0

[Event "November 21 Late 2023"]
[Site "https://www.chess.com"]
[Date "2023.11.21"]
[Round "1"]
[White "Tikhonov, Viacheslav"]
[Black "Bullen, Alex"]
[Result "1-0"]
[Board "145"]
[TimeControl "180+1"]
[WhiteFideId "44196407"]
[BlackFideId "1801627"]
[WhiteElo "2191"]
[BlackElo "2078"]
[WhiteTeam "RUS"]
[BlackTeam "WLS"]
[WhiteClock "0:00:30"]
[BlackClock "0:00:10"]

1. e4 c6 2. d4 d5 3. Nc3 dxe4 4. Nxe4 Nf6 5. Nxf6+ exf6 6. Bc4 Bd6 7. Qe2+ Be7 8. Nf3 O-O 9. O-O Bg4 10. c3 Re8 11. Qd3 Nd7 12. Bb3 Nf8 13. Bf4 Bd6 14. Bxd6 Qxd6 15. Rfe1 Ng6 16. Bc2 Kf8 17. Rxe8+ Rxe8 18. Re1 Rxe1+ 19. Nxe1 Qe6 20. Qe4 Nf4 21. f3 Bh5 22. Kf2 Bg6 23. Qxe6 fxe6 24. Bxg6 Nxg6 25. Ke3 Ke7 26. Nd3 Kd6 27. c4 e5 28. g3 exd4+ 29. Kxd4 b6 30. b4 Ne7 31. c5+ bxc5+ 32. bxc5+ Ke6 33. g4 f5 34. Nf4+ Kf6 35. h4 fxg4 36. fxg4 h6 37. Nh5+ Kf7 38. Ke5 Ng6+ 39. Kd6 Nxh4 40. Kxc6 Nf3 41. Kb7 Ke6 42. Nxg7+ Kd5 43. c6 Ne5 44. c7 Nc4 45. Nf5 Nb6 46. Kxa7 Nc8+ 47. Kb7 h5 48. gxh5 Ke5 49. Kxc8 Kxf5 50. Kd7 Kg5 51. c8=Q Kxh5 52. Qg8 Kh4 53. a4 Kh3 54. a5 Kh2 55. a6 Kh1 56. a7 Kh2 57. a8=Q Kh3 58. Qh1# 1-0

[Event "November 21 Late 2023"]
[Site "https://www.chess.com"]
[Date "2023.11.21"]
[Round "1"]
[White "Vila Dupla, Aurelio"]
[Black "Deng, Henry"]
[Result "0-1"]
[Board "146"]
[TimeControl "180+1"]
[WhiteFideId "2203383"]
[BlackFideId "30965454"]
[WhiteElo "2009"]
[BlackElo "2556"]
[WhiteTeam "ESP"]
[BlackTeam "USA"]
[WhiteClock "0:01:05"]
[BlackClock "0:01:46"]

1. Nf3 d5 2. d4 Nf6 3. c4 c6 4. cxd5 cxd5 5. Nc3 Nc6 6. Bf4 a6 7. e3 Bg4 8. Be2 e6 9. O-O Bd6 10. Bxd6 Qxd6 11. Ne1 Bxe2 12. Qxe2 O-O 13. Nd3 Rac8 14. Rfc1 Rfd8 15. Qd2 b6 16. Rc2 Ne4 17. Nxe4 dxe4 18. Nf4 e5 19. Ne2 exd4 20. exd4 Nxd4 21. Rxc8 Nf3+ 22. gxf3 Qxd2 23. Rxd8+ Qxd8 24. fxe4 h5 25. Ng3 h4 26. Nf5 Qd3 27. Re1 h3 28. Ng3 Qf3 29. Kf1 Qd3+ 30. Kg1 Qd2 31. Re2 Qd1+ 0-1

[Event "November 21 Late 2023"]
[Site "https://www.chess.com"]
[Date "2023.11.21"]
[Round "1"]
[White "Deviprasath, Sharvesh"]
[Black "Broca Jimenez, Fernando"]
[Result "1-0"]
[Board "147"]
[TimeControl "180+1"]
[WhiteFideId "30938228"]
[BlackFideId "5104742"]
[WhiteElo "2168"]
[BlackElo "2062"]
[WhiteTeam "USA"]
[BlackTeam "MEX"]
[WhiteClock "0:00:42"]
[BlackClock "0:00:09"]

1. e4 c5 2. c3 Nf6 3. d3 Nc6 4. Nd2 g6 5. g3 Bg7 6. Bg2 O-O 7. h3 d5 8. Ngf3 e5 9. O-O Re8 10. Re1 h6 11. Qa4 Be6 12. a3 a6 13. Qc2 Rc8 14. exd5 Nxd5 15. Nc4 Qc7 16. Bd2 b5 17. Ne3 Qd7 18. Nxd5 Bxd5 19. Be3 c4 20. dxc4 Bxc4 21. b3 Be6 22. Rad1 Qc7 23. Nd2 Na5 24. b4 Nc4 25. Nxc4 Qxc4 26. Bd2 Red8 27. Be3 Rxd1 28. Rxd1 Qxc3 29. Qd3 Qxd3 30. Rxd3 f5 31. Rd6 Rc1+ 32. Bxc1 1-0

[Event "November 21 Late 2023"]
[Site "https://www.chess.com"]
[Date "2023.11.21"]
[Round "1"]
[White "Souza, Gustavo Horokoski De"]
[Black "Ozates, Tuna"]
[Result "0-1"]
[Board "148"]
[TimeControl "180+1"]
[WhiteFideId "2146584"]
[BlackFideId "6354521"]
[WhiteElo "1824"]
[BlackElo "2151"]
[WhiteTeam "BRA"]
[BlackTeam "TUR"]
[WhiteClock "0:00:00"]
[BlackClock "0:00:15"]

1. d4 Nf6 2. c4 e6 3. Nc3 Bb4 4. e3 O-O 5. Ne2 c6 6. a3 Ba5 7. b4 Bc7 8. Bb2 d6 9. Ng3 Nbd7 10. Bd3 e5 11. O-O Re8 12. Nge4 Nxe4 13. Nxe4 Nf6 14. Nxf6+ Qxf6 15. dxe5 dxe5 16. Be4 Be6 17. Rc1 Rad8 18. Qc2 g6 19. h3 Qh4 20. Rfd1 f5 21. Bd3 Rd7 22. Bf1 Red8 23. Rxd7 Rxd7 24. Rd1 Rxd1 25. Qxd1 Kf7 26. g3 Qe7 27. c5 h5 28. Bg2 h4 29. g4 fxg4 30. hxg4 Qg5 31. Qf3+ Kg8 32. Bh3 Bd5 33. e4 Be6 34. Kh2 Kg7 35. Qd3 Qf4+ 36. Kg2 Bxg4 37. Bxg4 Qxg4+ 38. Kh2 g5 39. Bc3 Qe6 40. Bd2 Kg6 41. Be3 g4 42. Qd1 Kh5 43. f3 g3+ 44. Kg2 Qa2+ 45. Kf1 h3 46. f4+ Kh4 47. f5 Qc4+ 0-1

[Event "November 21 Late 2023"]
[Site "https://www.chess.com"]
[Date "2023.11.21"]
[Round "1"]
[White "Jovic, Stanoje"]
[Black "Curtis, John"]
[Result "1-0"]
[Board "149"]
[TimeControl "180+1"]
[WhiteFideId "905020"]
[BlackFideId "3200256"]
[WhiteElo "2249"]
[BlackElo "2203"]
[WhiteTeam "SRB"]
[BlackTeam "AUS"]
[WhiteClock "0:01:36"]
[BlackClock "0:00:00"]

1. c4 Nf6 2. g3 e5 3. Bg2 d6 4. Nf3 Be7 5. O-O O-O 6. Nc3 c5 7. e3 Nc6 8. d4 exd4 9. exd4 Bg4 10. Be3 cxd4 11. Bxd4 Nxd4 12. Qxd4 Qc8 13. b3 Rd8 14. Rfe1 Bf8 15. Rad1 Qc5 16. Qf4 Bxf3 17. Bxf3 Re8 18. Bxb7 Rab8 19. Bd5 Qa5 20. Ne4 Nxd5 21. cxd5 Re5 22. Re3 1-0

[Event "November 21 Late 2023"]
[Site "https://www.chess.com"]
[Date "2023.11.21"]
[Round "1"]
[White "ilya2700"]
[Black "Erzhanov, Arman"]
[Result "0-1"]
[Board "150"]
[TimeControl "180+1"]
[BlackFideId "4138821"]
[WhiteElo "2210"]
[BlackElo "2171"]
[BlackTeam "KAZ"]
[WhiteClock "0:00:00"]
[BlackClock "0:01:56"]

1. e4 d6 2. d4 Nf6 3. Nc3 c6 4. Nf3 Bg4 5. Bc4 d5 6. Bb3 e6 7. e5 Nfd7 8. O-O Be7 9. Bf4 O-O 10. h3 Bh5 11. Re1 c5 12. dxc5 Nxc5 13. g4 Bg6 14. Qd2 Nc6 15. Rad1 Rc8 16. Be3 a6 17. Ne2 Be4 18. Ned4 Nxb3 19. axb3 Qc7 20. Nxc6 Bxf3 21. Nxe7+ Qxe7 22. Rc1 Qh4 23. Kh2 Bxg4 24. Rh1 Qxh3+ 25. Kg1 Qf3 26. Qd3 Bf5 27. Qd4 Be4 28. Rh2 f6 29. c3 fxe5 30. Qxe5 Rf6 31. Bg5 Rg6 32. Re1 Qg4+ 0-1

[Event "November 21 Late 2023"]
[Site "https://www.chess.com"]
[Date "2023.11.21"]
[Round "1"]
[White "Ferreira, Vitor Hugo Vieira"]
[Black "Matthew_Clarke"]
[Result "1-0"]
[Board "151"]
[TimeControl "180+1"]
[WhiteFideId "2119765"]
[WhiteElo "2123"]
[BlackElo "2209"]
[WhiteTeam "BRA"]
[WhiteClock "0:01:33"]
[BlackClock "0:00:00"]

1. d4 d5 2. c4 e6 3. Nc3 Nf6 4. Nf3 Be7 5. Bf4 O-O 6. e3 Nbd7 7. Bd3 Nh5 8. cxd5 Nxf4 9. exf4 exd5 10. Nxd5 Bd6 11. g3 c5 12. O-O b6 13. Bxh7+ Kxh7 14. Ng5+ Kg6 15. Qg4 Nf6 16. Nxf6 Bxg4 17. Nxg4 Qd7 18. Ne3 cxd4 19. Nc4 f6 20. Nf3 Qc6 21. Rac1 Qxf3 22. Nxd6 Rh8 23. f5+ Kg5 24. Nf7+ Kg4 25. Rfd1 1-0

[Event "November 21 Late 2023"]
[Site "https://www.chess.com"]
[Date "2023.11.21"]
[Round "1"]
[White "Manfroi, Alexander Giannini"]
[Black "Vafin, Ayrat"]
[Result "0-1"]
[Board "152"]
[TimeControl "180+1"]
[WhiteFideId "22739335"]
[BlackFideId "4146530"]
[WhiteElo "1618"]
[BlackElo "2317"]
[WhiteTeam "BRA"]
[BlackTeam "RUS"]
[WhiteClock "0:00:06"]
[BlackClock "0:00:27"]

1. d4 d5 2. Bf4 Nf6 3. e3 c5 4. Nd2 Nc6 5. Ngf3 g6 6. Bb5 Bg7 7. O-O O-O 8. c3 Qb6 9. Bxc6 bxc6 10. Rb1 Ba6 11. Re1 Bd3 12. dxc5 Qb7 13. Qb3 Qxb3 14. axb3 Bxb1 15. Rxb1 Nd7 16. b4 a5 17. Nd4 e5 18. Nxc6 exf4 19. Ne7+ Kh8 20. Nxd5 fxe3 21. Nxe3 axb4 22. cxb4 Rfb8 23. c6 Nf6 24. c7 Rxb4 25. Rc1 Rc8 26. Ndc4 Rxc7 27. g4 h6 28. Kg2 Rxb2 29. Ra1 Rb8 30. Ne5 Re8 31. f4 Kg8 32. Kf3 Nd7 33. Ra5 Nxe5+ 34. fxe5 Rxe5 35. Ra8+ Kh7 36. Kf4 Rce7 37. Ng2 Re2 38. Kf3 Bd4 39. Kg3 Kg7 40. h3 Rb2 41. Nf4 Be5 42. Kh4 Bxf4 43. Ra4 Bg5+ 44. Kg3 Re3# 0-1

[Event "November 21 Late 2023"]
[Site "https://www.chess.com"]
[Date "2023.11.21"]
[Round "1"]
[White "Khater, Sherif"]
[Black "Andreassen, Lars"]
[Result "0-1"]
[Board "153"]
[TimeControl "180+1"]
[WhiteFideId "2034280"]
[BlackFideId "1504878"]
[WhiteElo "2540"]
[BlackElo "2119"]
[WhiteTeam "USA"]
[BlackTeam "NOR"]
[WhiteClock "0:02:05"]
[BlackClock "0:01:26"]

1. d4 d5 2. Bf4 e6 3. e3 g5 4. Bg3 h5 5. h3 Nf6 6. Nd2 h4 7. Bh2 Bd6 8. Bxd6 Qxd6 9. a3 b6 10. Ngf3 Rg8 11. Ne5 Nbd7 12. Nxd7 Bxd7 13. Bd3 e5 14. c3 e4 15. Be2 g4 16. hxg4 Nxg4 17. Rxh4 Nxf2 18. Qb3 Qg3 19. Qxd5 Ng4+ 20. Kd1 Nxe3+ 21. Kc1 Qe1+ 0-1

[Event "November 21 Late 2023"]
[Site "https://www.chess.com"]
[Date "2023.11.21"]
[Round "1"]
[White "Orphanator2009"]
[Black "ciutadella"]
[Result "1-0"]
[Board "154"]
[TimeControl "180+1"]
[WhiteElo "2198"]
[BlackElo "2538"]
[WhiteClock "0:00:21"]
[BlackClock "0:00:05"]

1. e4 c5 2. Nf3 e6 3. d4 cxd4 4. Nxd4 Nf6 5. Nc3 d6 6. Be3 Be7 7. f3 O-O 8. Qd2 Nc6 9. O-O-O d5 10. exd5 Nxd5 11. Nxd5 Qxd5 12. Kb1 Bf6 13. Nxc6 Qxc6 14. Bd3 a5 15. Bg5 Bxg5 16. Qxg5 a4 17. a3 Qb6 18. Qh4 g6 19. Qh6 e5 20. h4 Qf6 21. h5 Qg7 22. Qe3 Be6 23. f4 exf4 24. Qxf4 Ra5 25. Rde1 Bf5 26. hxg6 hxg6 27. Qb4 Rd5 28. Bc4 Rd4 29. Qc3 Rg4 30. Qxg7+ Kxg7 31. Bd5 Rc8 32. Re7 Bxc2+ 33. Ka1 Bb3 34. Rxf7+ Kg8 35. Rc7+ Bxd5 36. Rxc8+ Kg7 37. Rc7+ Kf6 38. Rd7 Bc6 39. Rd2 Kg5 40. Rh2 Rg3 41. Rf2 Kg4 42. Kb1 g5 43. Kc1 Rb3 44. Rd2 Be4 45. Kd1 Kf5 46. Rh3 Kf4 47. Rxb3 axb3 48. Ke1 g4 49. Kf2 Bc2 50. g3+ Ke4 51. Rd7 b5 52. Ke2 Ke5 53. Rb7 Ke4 54. Rxb5 Kd4 55. Rb4+ Kd5 56. Ke3 1-0

[Event "November 21 Late 2023"]
[Site "https://www.chess.com"]
[Date "2023.11.21"]
[Round "1"]
[White "Tifferet, Shaked"]
[Black "Elbebiber"]
[Result "1-0"]
[Board "155"]
[TimeControl "180+1"]
[WhiteFideId "2811529"]
[WhiteElo "2142"]
[BlackElo "2183"]
[WhiteTeam "ISR"]
[WhiteClock "0:00:11"]
[BlackClock "0:00:02"]

1. e4 d5 2. exd5 Nf6 3. Nf3 Nxd5 4. Bc4 Bf5 5. O-O e6 6. d4 Be7 7. Re1 O-O 8. Bb3 Nc6 9. h3 a5 10. Ba4 Nb6 11. Bxc6 bxc6 12. Be3 Bf6 13. Nbd2 Nd5 14. c3 Rb8 15. Nc4 Ra8 16. Qa4 Nb6 17. Qxc6 Nxc4 18. Qxc4 Qd5 19. Qxd5 exd5 20. Bf4 c6 21. Nd2 a4 22. b4 Rfe8 23. f3 h6 24. g4 Bd3 25. Kf2 Bh4+ 26. Bg3 Bg5 27. f4 Bf6 28. h4 g6 29. a3 Kg7 30. Nf3 Be4 31. Nd2 Bd3 32. Re3 Rxe3 33. Kxe3 Bb5 34. Kf2 Bd8 35. Re1 Kf8 36. Nf3 f6 37. f5 gxf5 38. gxf5 Be7 39. Bf4 h5 40. Rg1 Kf7 41. Bh6 Rg8 42. Rxg8 Kxg8 43. Ke3 Kf7 44. Ng1 Bd6 45. Bf4 Bf8 46. Nh3 Be7 47. Bg3 Bf8 48. Bf4 Bg7 49. Kd2 Bc4 50. Be3 Bb3 51. Nf4 Bf8 52. Nxh5 Bd6 53. Bf4 Bf8 54. Ng3 Bc4 55. Ke3 Bb3 56. Kf3 Bc2 57. Ke3 Be7 58. Kd2 Bb1 59. Kc1 Ba2 60. h5 Bc4 61. h6 Bf8 62. Kd2 Bb3 63. Nf1 Bc4 64. Ne3 Bb3 65. Kc1 Be7 66. Kb2 Bf8 67. Kc1 Be7 68. Ng4 Bf8 69. Ne5+ fxe5 70. dxe5 Be7 71. e6+ Kg8 72. Be5 Kh7 73. f6 Bxf6 74. Bxf6 d4 75. e7 Bf7 76. c4 Kxh6 77. b5 cxb5 78. cxb5 Kg6 79. b6 Kxf6 80. b7 Kxe7 81. b8=Q Be6 82. Qa7+ Kf6 83. Qxd4+ Kf5 84. Qxa4 Bd5 85. Qa5 Ke4 86. Qb4+ Ke5 87. Kb2 Ke6 88. Qb6+ Kd7 89. Kc3 Bc6 90. Kd4 Ba4 91. Kc5 Bc6 92. Qxc6+ Kd8 93. Qb7 1-0

[Event "November 21 Late 2023"]
[Site "https://www.chess.com"]
[Date "2023.11.21"]
[Round "1"]
[White "seasidesunset"]
[Black "Elgersma, Onno"]
[Result "0-1"]
[Board "156"]
[TimeControl "180+1"]
[BlackFideId "1053531"]
[WhiteElo "2165"]
[BlackElo "2251"]
[BlackTeam "NED"]
[WhiteClock "0:00:00"]
[BlackClock "0:01:47"]

1. c4 g6 2. Nc3 Bg7 3. g3 Nf6 4. Bg2 O-O 5. e4 c5 6. d3 d6 7. Nge2 Nc6 8. O-O Rb8 9. h3 a6 10. a4 Nd7 11. f4 Nd4 12. a5 e6 13. Be3 f5 14. g4 b5 15. axb6 Qxb6 16. Bxd4 cxd4 17. Na4 Qc7 18. Ng3 Nc5 19. Nxc5 dxc5 20. exf5 exf5 21. Bd5+ Kh8 22. Qe2 fxg4 23. hxg4 Bb7 24. Bxb7 Qxb7 25. Rab1 Qc7 26. Qf2 Bh6 27. g5 Bxg5 28. Qg2 Bxf4 29. Ne4 Be3+ 30. Kh1 Qe5 31. Rxf8+ Rxf8 32. Rf1 Qh5+ 0-1

[Event "November 21 Late 2023"]
[Site "https://www.chess.com"]
[Date "2023.11.21"]
[Round "1"]
[White "Tologon tegin, Semetei"]
[Black "Feliz Dotel, Dewar Bienvenido"]
[Result "0-1"]
[Board "157"]
[TimeControl "180+1"]
[WhiteFideId "13800574"]
[BlackFideId "6402801"]
[WhiteElo "2258"]
[BlackElo "2069"]
[WhiteTeam "KGZ"]
[BlackTeam "DOM"]
[WhiteClock "0:02:10"]
[BlackClock "0:01:54"]

1. d4 d5 2. c4 e6 3. Nc3 c5 4. cxd5 exd5 5. Nf3 Nc6 6. g3 Nf6 7. Bg2 cxd4 8. Nxd4 Bc5 9. Nb3 Bb6 10. O-O O-O 11. Nxd5 Be6 12. Nxb6 axb6 13. Qxd8 Rfxd8 14. Be3 Ra6 15. Nc1 Bd5 16. Rd1 Bxg2 17. Kxg2 Rxd1 0-1

[Event "November 21 Late 2023"]
[Site "https://www.chess.com"]
[Date "2023.11.21"]
[Round "1"]
[White "Kniazev, Igor"]
[Black "Gavrilov, Maxim"]
[Result "0-1"]
[Board "158"]
[TimeControl "180+1"]
[WhiteFideId "4136349"]
[BlackFideId "24271454"]
[WhiteElo "1862"]
[BlackElo "2157"]
[WhiteTeam "RUS"]
[BlackTeam "RUS"]
[WhiteClock "0:00:00"]
[BlackClock "0:00:10"]

1. e4 c5 2. c3 d5 3. exd5 Qxd5 4. Nf3 Nc6 5. Na3 Bg4 6. Be2 e6 7. d4 cxd4 8. Nb5 Qd8 9. Nbxd4 Nf6 10. Nxc6 Qxd1+ 11. Bxd1 bxc6 12. O-O Bd6 13. Nd4 c5 14. Nb5 Bb8 15. Be3 a6 16. Na3 Bxd1 17. Rfxd1 Ng4 18. Bxc5 Bxh2+ 19. Kf1 Bc7 20. Nc4 f6 21. Rd4 Ne5 22. Nd6+ Bxd6 23. Rxd6 Kf7 24. Rad1 Rhc8 25. b4 a5 26. a3 g5 27. f3 h5 28. Rb6 Rc7 29. Re1 Re8 30. Re3 Nc4 31. Ke2 Nxe3 32. Kxe3 axb4 33. axb4 Ra8 34. Kd4 Ra2 35. Bd6 Rd7 36. c4 Rxg2 37. c5 h4 38. Ke3 h3 39. c6 Rxd6 40. c7 Rc2 41. Rxd6 Rxc7 42. Rd2 Rb7 43. Rb2 h2 44. Rxh2 Rxb4 45. Rh7+ Kg6 46. Re7 Kf5 47. Re8 e5 48. Kf2 Kf4 49. Rf8 f5 50. Kg2 Rb2+ 51. Kh3 Rf2 52. Ra8 Rxf3+ 53. Kg2 Rb3 54. Ra4+ e4 55. Ra6 g4 56. Ra5 Rb2+ 57. Kg1 Kg3 58. Ra3+ Kf4 59. Ra5 e3 60. Kf1 Ke4 61. Rc5 f4 62. Rc1 g3 63. Kg1 Kf3 0-1

[Event "November 21 Late 2023"]
[Site "https://www.chess.com"]
[Date "2023.11.21"]
[Round "1"]
[White "Jelcic, Marko"]
[Black "Omariev, Maksim"]
[Result "1/2-1/2"]
[Board "160"]
[TimeControl "180+1"]
[WhiteFideId "14406489"]
[BlackFideId "4193423"]
[WhiteElo "2156"]
[BlackElo "2532"]
[WhiteTeam "BIH"]
[BlackTeam "RUS"]
[WhiteClock "0:00:03"]
[BlackClock "0:00:04"]

1. d4 h5 2. e4 h4 3. Nc3 d6 4. h3 e5 5. dxe5 dxe5 6. Qxd8+ Kxd8 7. Bc4 f6 8. Nf3 Ne7 9. Be3 c6 10. O-O-O+ Kc7 11. Bf7 b6 12. Rd2 Bd7 13. Rhd1 Nc8 14. Ne2 Nd6 15. Bb3 Nxe4 16. Rd3 Nc5 17. Bxc5 Bxc5 18. Rf1 Bf5 19. Rdd1 Nd7 20. Nc3 Rad8 21. Na4 Be7 22. Nc3 b5 23. a3 Bc5 24. Rde1 g5 25. Ne4 Bb6 26. Nfd2 Rhf8 27. f3 a5 28. Rd1 a4 29. Ba2 Be3 30. Kb1 Nc5 31. Nxc5 Bxc5 32. Ne4 Be7 33. Kc1 Bg6 34. Rxd8 Rxd8 35. Rd1 c5 36. Rxd8 Bxd8 37. Nxc5 Kd6 38. Ne4+ Ke7 39. Bd5 Be8 40. Kd2 Bb6 41. Kd3 Bd7 42. c4 bxc4+ 43. Kxc4 Be3 44. Nc3 Bd4 45. Nb5 f5 46. Nxd4 exd4 47. Kxd4 Kd6 48. Bc4 g4 49. Bd3 g3 50. f4 Bc6 51. Bxf5 Bxg2 52. Ke3 Bf1 53. Bg4 g2 54. Kf2 Kd5 55. Bd1 Kd4 56. Bxa4 Ke4 57. Bc6+ Kxf4 58. Bxg2 Bc4 59. Bf1 Bd5 60. b4 Ke5 61. a4 Kd4 62. a5 Kc3 63. b5 Kb4 64. a6 Ka5 65. Ke3 Kb6 66. Kd4 Bf3 67. Kc3 Bd5 68. Kd4 Be6 69. Ke5 Bd7 70. Kf6 Bxh3 71. Bxh3 Kxb5 72. Bf1+ Kb6 73. Kg5 h3 74. Kg4 h2 75. Bg2 h1=Q 76. Bxh1 Kxa6 1/2-1/2

[Event "November 21 Late 2023"]
[Site "https://www.chess.com"]
[Date "2023.11.21"]
[Round "1"]
[White "Prithu Gupta"]
[Black "DraningWaterHi"]
[Result "1-0"]
[Board "161"]
[TimeControl "180+1"]
[WhiteFideId "46618546"]
[WhiteElo "2344"]
[BlackElo "2115"]
[WhiteTeam "IND"]
[WhiteClock "0:00:27"]
[BlackClock "0:00:25"]

1. d4 Nf6 2. c4 g6 3. Nf3 Bg7 4. e3 O-O 5. Be2 d6 6. O-O Nc6 7. Nc3 e5 8. b3 Bd7 9. Bb2 Re8 10. d5 Ne7 11. e4 Nh5 12. g3 f5 13. Ng5 Nf6 14. c5 h6 15. cxd6 cxd6 16. Ne6 Bxe6 17. dxe6 f4 18. Nb5 Nc8 19. Rc1 Re7 20. Bxe5 Nxe4 21. Bxg7 Kxg7 22. Qd4+ Nf6 23. Bf3 a6 24. Nc3 Rb8 25. Nd5 Rxe6 26. Rc7+ Kf8 27. Nxf4 Qe8 28. Nxe6+ Qxe6 29. Kg2 b5 30. Re1 Qf5 31. Bc6 Nb6 32. Qxd6+ Kg8 33. Qe7 Nh5 34. Qh7+ Kf8 35. Qh8# 1-0

[Event "November 21 Late 2023"]
[Site "https://www.chess.com"]
[Date "2023.11.21"]
[Round "1"]
[White "Smirnov, Timofey"]
[Black "Van Dael, Siem"]
[Result "0-1"]
[Board "162"]
[TimeControl "180+1"]
[WhiteFideId "24176427"]
[BlackFideId "1049771"]
[WhiteElo "2245"]
[BlackElo "2252"]
[WhiteTeam "RUS"]
[BlackTeam "NED"]
[WhiteClock "0:01:11"]
[BlackClock "0:01:17"]

1. d4 Nf6 2. Bf4 g6 3. Nc3 d5 4. e3 Bg7 5. Nf3 O-O 6. h4 Bg4 7. Be2 c5 8. Ne5 Bxe2 9. Qxe2 cxd4 10. exd4 Nc6 11. Nxc6 bxc6 12. O-O Nh5 13. Bh2 e6 14. Rad1 Qxh4 15. Qd3 Qg5 16. Na4 Rfe8 17. Nc5 e5 18. c3 e4 19. Qe2 Nf4 20. Qd2 Qxg2# 0-1

[Event "November 21 Late 2023"]
[Site "https://www.chess.com"]
[Date "2023.11.21"]
[Round "1"]
[White "The_Straightforward_Rook"]
[Black "Oliveira, Tiago Batista"]
[Result "1-0"]
[Board "163"]
[TimeControl "180+1"]
[BlackFideId "2108291"]
[WhiteElo "2531"]
[BlackElo "1962"]
[BlackTeam "BRA"]
[WhiteClock "0:01:14"]
[BlackClock "0:00:00"]

1. e4 c5 2. c3 e6 3. d4 cxd4 4. cxd4 d5 5. e5 Qb6 6. Nf3 Bd7 7. Nc3 Bb4 8. Bd2 Nh6 9. Bxh6 gxh6 10. Bd3 Nc6 11. a3 Be7 12. Ne2 Qxb2 13. O-O Qb6 14. Qd2 Bf8 15. Rab1 Qc7 16. Rfc1 Rc8 17. Rc2 Qd8 18. Ng3 b6 19. Nh5 Qc7 20. Nf6+ Kd8 21. Ba6 Rb8 22. Bb5 Rc8 23. a4 Qb7 24. Nxd7 Qxd7 25. Rbc1 Bb4 26. Qxh6 Rg8 27. Rxc6 Rxc6 28. Rxc6 Qe7 29. Qxh7 Rf8 30. Qh4 1-0

[Event "November 21 Late 2023"]
[Site "https://www.chess.com"]
[Date "2023.11.21"]
[Round "1"]
[White "Yushko, Olga"]
[Black "Pinto, Daniel"]
[Result "0-1"]
[Board "164"]
[TimeControl "180+1"]
[WhiteFideId "14114500"]
[BlackFideId "3303144"]
[WhiteElo "2028"]
[BlackElo "2149"]
[WhiteTeam "UKR"]
[BlackTeam "BOL"]
[WhiteClock "0:00:48"]
[BlackClock "0:00:09"]

1. d4 Nf6 2. c4 c5 3. d5 d6 4. Nc3 g6 5. e4 Bg7 6. Bd3 O-O 7. Nf3 e6 8. O-O exd5 9. exd5 Re8 10. h3 Nfd7 11. Nb5 Ne5 12. Bf4 a6 13. Nc3 Nxd3 14. Qxd3 Bf5 15. Qd2 Nd7 16. g4 Be4 17. Nxe4 Rxe4 18. Bxd6 Qf6 19. Ng5 Rd4 20. Qe3 Qxd6 21. Rac1 Be5 22. Rc2 Bf4 23. Ne4 Qe5 24. Qb3 Qxe4 25. Qxb7 Rd8 26. f3 Qe3+ 27. Kg2 Bd6 28. Qc6 Qf4 29. Kh1 Qg3 30. Rg2 Qxh3+ 31. Kg1 Ne5 32. Qb6 Rd7 33. Qb3 Rd3 34. Qc2 Nxf3+ 35. Rxf3 Qxf3 36. Rf2 Rd1+ 0-1

[Event "November 21 Late 2023"]
[Site "https://www.chess.com"]
[Date "2023.11.21"]
[Round "1"]
[White "D`Arruda, Ricardo D."]
[Black "Sailer, Mike"]
[Result "1-0"]
[Board "165"]
[TimeControl "180+1"]
[WhiteFideId "100692"]
[BlackFideId "2012901"]
[WhiteElo "2528"]
[BlackElo "2109"]
[WhiteTeam "ARG"]
[BlackTeam "USA"]
[WhiteClock "0:00:43"]
[BlackClock "0:00:06"]

1. Nf3 g6 2. d4 Bg7 3. e4 c5 4. c3 cxd4 5. cxd4 d5 6. exd5 Nf6 7. Nc3 Nxd5 8. Bc4 Nxc3 9. bxc3 O-O 10. O-O Nc6 11. Bf4 Na5 12. Be2 Bf5 13. Re1 Rc8 14. Qd2 Nc4 15. Bxc4 Rxc4 16. Be5 Bxe5 17. Nxe5 Rc7 18. Re3 Qd6 19. Rae1 Rfc8 20. Rf3 Be6 21. h4 Bd5 22. Rg3 Qf6 23. h5 Qf5 24. hxg6 hxg6 25. Ng4 Qh5 26. Ree3 Qh7 27. Rh3 Qg7 28. Reg3 Be6 29. Nh6+ Kf8 30. Rh4 Ke8 31. d5 Bd7 32. d6 exd6 33. Qxd6 Rc6 34. Re3+ Be6 35. Qb4 R8c7 36. Ng4 Kd8 37. Ne5 Rb6 38. Rd4+ Kc8 39. Qa4 Rb1+ 40. Kh2 Qh6+ 41. Rh3 Bxh3 42. Qe8# 1-0